AoeStats
← La Gata bajo la lluvia

African Clearing

506247994Analyzed
4v4 RM · 18d ago on Sep 12, 2026· 47m 52s· 8 players
Game mode
Random Map
Map size
Large (8 player)
Population
200
Speed
Normal
Resources
Standard
Victory
Conquest
Starting age
Dark Age
Ending age
Imperial Age
RankedLock teamsTeams togetherTeam positionsShared explorationLock speedFull tech treeHidden civsTurbo modeCheats
Victory
Defeat
🇲🇽 Teutons · Mexico
864
+12
🇲🇽 Chinese · Mexico
844
+12
🇲🇽 Mongols · Mexico
837
+13
🇨🇱 Maya · Chile
781
+15
🇨🇦 Huns · Canada
791
-14
🇪🇸 Teutons · Spain
788
-14
🇲🇽 Sicilians · Mexico
737
-12
🇫🇷 Gurjaras · France
729
-12
Pr8feSS8r
4:21 Loom
15:54 Feudal Age
20:58 Castle Age
20:59 Double-Bit Axe
21:08 Stone Mining
21:02 Horse Collar
24:27 Bow Saw
25:17 Wheelbarrow
27:05 Heavy Plow
27:03 Gold Mining
28:02 Hand Cart
32:35 Stone Shaft Mining
36:58 Imperial Age
35:21 Town Watch
36:59 Heavy Scorpion
38:51 Two-Man Saw
39:36 Chemistry
38:45 Siege Engineers
40:36 Chemistry
39:38 Onager
40:54 Ballistics
43:13 Ironclad
43:02 Siege Onager
aelenon
18:12 Feudal Age
18:39 Man-at-Arms
26:26 Castle Age
29:38 Horse Collar
30:22 Double-Bit Axe
32:31 Heavy Plow
37:05 Caravan
38:46 Wheelbarrow
InductedFour28
3:55 Loom
16:05 Feudal Age
17:44 Town Watch
18:40 Horse Collar
20:15 Scale Mail Armor
26:14 Castle Age
25:49 Forging
28:59 Wheelbarrow
28:25 Town Patrol
29:03 Heavy Plow
32:19 Chain Mail Armor
32:04 Light Cavalry
35:25 Hand Cart
36:33 Iron Casting
37:30 First Crusade
37:41 Padded Archer Armor
37:32 Fletching
39:48 Squires
39:34 Arson
40:05 Bloodlines
43:21 Imperial Age
41:44 Bodkin Arrow
42:04 Leather Archer Armor
44:28 Conscription
44:22 Murder Holes
45:10 Masonry
47:24 Plate Mail Armor
glubix44
4:35 Loom
16:00 Feudal Age
18:04 Wheelbarrow
17:25 Double-Bit Axe
17:23 Horse Collar
20:49 Stone Mining
20:54 Gold Mining
25:01 Castle Age
25:47 Caravan
reyangel141
11:49 Loom
14:21 Feudal Age
19:15 Castle Age
18:39 Double-Bit Axe
19:32 Wheelbarrow
22:11 Hand Cart
24:57 Horse Collar
26:23 Heavy Plow
28:11 Ballistics
27:51 Town Watch
28:34 Bow Saw
28:34 Gold Mining
29:07 Town Patrol
30:06 Murder Holes
35:28 Imperial Age
35:16 Gold Shaft Mining
34:35 Stone Mining
35:19 Nomads
35:28 Capped Ram
36:54 Conscription
38:37 Chemistry
37:54 Fletching
38:28 Drill
38:50 Siege Engineers
39:09 Caravan
39:36 Bodkin Arrow
39:43 Siege Ram
41:35 Elite Mangudai
44:00 Bracer
44:00 Padded Archer Armor
44:06 Scale Barding Armor
44:01 Scale Mail Armor
44:12 Forging
richi_maron_90
18:48 Feudal Age
24:11 Castle Age
22:19 Loom
23:28 Wheelbarrow
23:58 Horse Collar
27:08 Hand Cart
36:07 Imperial Age
35:35 Fletching
35:45 Padded Archer Armor
36:07 Caravan
36:55 Elite Skirmisher
41:47 Conscription
41:51 Rocketry
45:15 Elite Chu Ko Nu
ShakierNutria74
4:59 Loom
15:52 Feudal Age
17:18 Horse Collar
20:59 Castle Age
20:44 Double-Bit Axe
23:10 Stone Mining
23:32 Bow Saw
26:06 Heavy Plow
27:16 Stone Shaft Mining
26:38 Gold Mining
30:10 Wheelbarrow
29:23 Town Watch
30:22 Town Patrol
31:55 Hand Cart
35:45 Imperial Age
37:06 Fishing Lines
37:40 Gillnets
40:27 Crop Rotation
41:34 Chemistry
40:55 Ballistics
40:50 Pikeman
41:33 Squires
42:34 Elite Teutonic Knight
46:45 Forging
46:35 Scale Mail Armor
47:49 Crenellations
47:52 Masonry
47:48 Siege Engineers
48:24 Iron Casting
La Gata bajo la lluvia
7:10 Loom
12:48 Feudal Age
16:56 Castle Age
15:15 Double-Bit Axe
15:24 Horse Collar
18:56 Town Watch
29:27 Wheelbarrow
29:23 Bow Saw
29:51 Heavy Plow
30:08 Gold Mining
31:40 Hand Cart
37:36 Imperial Age
36:20 Forging
36:10 Scale Mail Armor
36:37 Ballistics
36:14 Murder Holes
36:30 Masonry
36:01 Treadmill Crane
36:21 Arson
36:38 Squires
36:10 Eagle Warrior
37:55 Iron Casting
37:37 Elite Eagle Warrior
38:53 Holcans
38:44 Conscription
38:54 Chain Mail Armor
39:42 Two-Man Saw
39:13 Crop Rotation
38:34 Stone Mining
40:29 Blast Furnace
39:26 Fletching
39:36 Padded Archer Armor
40:38 Chemistry
42:41 Plate Mail Armor
42:46 Architecture
47:07 Bodkin Arrow
47:25 Fortified Wall
Connection lost

Rejoining the realm…

Still unreachable

The connection could not be restored.

Session expired

The server has moved on; the page needs a fresh start.